 Dungeon Crawl Stone Soup version 0.28.0-43-g3370ac3207 (webtiles) character file.

Game seed: 15823177411558340191

11575 crimpus the Bludgeoner (level 11, -4/64 HPs)
             Began as a Tengu Air Elementalist on Mar 13, 2022.
             Was a Believer of Trog.
             Killed from afar by a gargoyle (11 damage)
             ... with a stone arrow
             ... on level 12 of the Dungeon.
             The game lasted 00:23:30 (15450 turns).

crimpus the Bludgeoner (Tengu Air Elementalist)    Turns: 15450, Time: 00:23:30

Health: -4/64      AC: 17    Str: 16    XL:     11   Next: 79%
Magic:  17/17      EV:  8    Int: 18    God:    Trog [**....]
Gold:   328        SH:  0    Dex: 15    Spells: 13/16 levels left

rFire   + . .      SeeInvis .   h - +12 great mace "Zasmib" {spect, *Slow +Blink rPois rF+}
rCold   . . .      Faith    .   (shield currently unavailable)
rNeg    . . .      Spirit   .   m - +0 plate armour
rPois   +          Reflect  .   (helmet restricted)
rElec   .          Harm     .   g - +2 cloak {Stlth+}
rCorr   .          Rampage  .   A - +0 pair of gloves
Will    .....                   (boots unavailable)
Stlth   ..........              (no amulet)
HPRegen 0.20/turn               s - +6 ring of strength
MPRegen 0.15/turn               (no ring)

@: on berserk cooldown, flying quickly and evasively, slowed, very slow
A: beak, talons 3, nimble flight
a: Renounce Religion, Evoke Blink, Berserk, Trog's Hand


You were on level 12 of the Dungeon.
You worshipped Trog.
Trog was pleased with you.
You visited 1 branch of the dungeon, and saw 12 of its levels.

You collected 515 gold pieces.
You spent 187 gold pieces at shops.

Inventory:

Hand Weapons
 h - the +12 great mace "Zasmib" (weapon) {spect, *Slow +Blink rPois rF+}
   (You found it on level 3 of the Dungeon)

   When its wielder attacks, the weapon's spirit leaps out and strikes again.
   The spirit shares a part of any damage it takes with its wielder.
   rF:        It protects you from fire.
   rPois:     It protects you from poison.
   +Blink:    It lets you blink.
   *Slow:     It may slow you when you take damage.
Missiles
 q - 7 throwing nets
Armour
 f - +0 acid dragon scales
 g - a +2 cloak of stealth (worn)
 j - a +2 pair of gloves of dexterity
 m - a +0 plate armour (worn)
 v - +1 steam dragon scales
 A - a +0 pair of gloves (worn)
Jewellery
 c - a ring of ice
 s - a +6 ring of strength (left hand)
 t - a ring of poison resistance
Wands
 i - a wand of polymorph (6)
 o - a wand of flame (44)
 p - a wand of digging (7)
 y - a wand of paralysis (5)
Scrolls
 b - 4 scrolls of identify
 d - a scroll of enchant weapon
 e - a scroll of noise
 u - a scroll of silence {unknown}
 x - a scroll of teleportation
Potions
 a - a potion of degeneration
 k - 2 potions of heal wounds
 l - 4 potions of haste {unknown}
 n - 2 potions of flight {unknown}
 r - 2 potions of lignification
 w - 5 potions of curing
 z - a potion of ambrosia


   Skills:
 + Level 5.5 Fighting
 * Level 15.5 Maces & Flails
 + Level 5.8 Armour
 + Level 5.5 Dodging
 - Level 4.1 Stealth
 - Level 3.4 Spellcasting
 - Level 4.7 Conjurations
 - Level 6.0 Air Magic


You had 13 spell levels left.
You knew the following spells:

 Your Spells              Type           Power      Damage    Failure   Level
a - Shock                 Conj/Air       88%        1d8       61%         1
b - Static Discharge      Conj/Air       22%        N/A       75%         2

Your spell library contained the following spells:

 Spells                   Type           Power      Damage    Failure   Level
 Swiftness                Air            25%        N/A       87%         3
 Airstrike                Air            12%        N/A       99%         4
 Sandblast                Erth           6%         2d5       100%        1
 Passwall                 Tmut/Erth      2%         N/A       100%        2
 Dazzling Flash           Conj/Hex       22%        N/A       100%        3
 Stone Arrow              Conj/Erth      22%        3d8       100%        3
 Animate Dead             Necr           1%         N/A       100%        4
 Agony                    Necr           3%         N/A       100%        5
 Borgnjor's Vile Clutch   Necr/Erth      1%         N/A       100%        5
 Silence                  Hex/Air        7%         N/A       100%        5
 Death Channel            Necr           1%         N/A       100%        6


Dungeon Overview and Level Annotations

Branches:
Dungeon (12/15)            Temple (0/1) D:4            Lair (0/6) D:9
    Orc (0/2) D:11

Altars:
Cheibriados
Dithmenos
Elyvilon
Gozag
Kikubaaqudgha
Makhleb
Ru
Sif Muna
Trog
Vehumet
Xom
The Shining One

Shops:
D:3 !   D:7 [

Annotations:
D:7 1 runed translucent door, smarlow's ghost, novice DjCj


Innate Abilities, Weirdness & Mutations

You have a beak for a mouth.
You have claws for feet.
Your magical nature lets you fly swiftly and evasively.


Message History

You bludgeon the eight-headed hydra!!
The eight-headed hydra is heavily wounded.
The eight-headed hydra bites you. The eight-headed hydra bites you!
The eight-headed hydra barely misses you.
The eight-headed hydra closely misses you. x2
The eight-headed hydra bites you!
The eight-headed hydra bites you but does no damage.
The eight-headed hydra bites you.
You bludgeon the eight-headed hydra!!
Your kick misses the eight-headed hydra.
The eight-headed hydra is almost dead.
The eight-headed hydra barely misses you.
The eight-headed hydra bites you!
The eight-headed hydra closely misses you.
The eight-headed hydra bites you!
The eight-headed hydra bites you but does no damage.
The eight-headed hydra bites you. x2
The eight-headed hydra bites you but does no damage.
You bludgeon the eight-headed hydra!!
You kill the eight-headed hydra!
Trog accepts your kill.
You feel a strong urge to attack something.
You are no longer berserk.
You are exhausted.
You feel yourself slow down.
Found a leather armour.
The gargoyle hurls a stone arrow at you.
The stone arrow hits you!
* * * LOW HITPOINT WARNING * * *
You feel much better.
The gargoyle hurls a stone arrow at you.
The stone arrow hits you but does no damage.
The gargoyle hurls a stone arrow at you.
The stone arrow misses you.
The gargoyle hurls a stone arrow at you.
The stone arrow hits you!!
* * * LOW HITPOINT WARNING * * *
The gargoyle hurls a stone arrow at you.
The stone arrow hits you!
You die...

#.#################.#
#####.#########.# #.##[#
......†.........####....#
#####.########.....#.######
..?......>...#.9##.#....#.#
##.$...###..##..##.####.#.#
#.[...#..................#
#.....#....##[#.#.####.#.#
#......... #.#@# ##.#.#.#
#?....##. #.#....#.#.#.#
#....... .....###.#.#.#
#.#........#.#
..#......###.# ##
#....<.....# #.......####
###...##.## ......##.#


You could see a gargoyle.

Vanquished Creatures
  Harold (D:8)
  A hydra (D:12)
  2 two-headed ogres
  Pikel (D:7)
  A cyclops (D:11)
  A gargoyle (D:11)
  2 trolls
  A hornet (D:8)
  Sigmund (D:5)
  A wyvern (D:10)
  5 yaks (D:11)
  Eustachio (D:4)
  A wraith (D:10)
  4 steam dragons
  2 vampire mosquitoes (D:10)
  Menkaure (D:4)
  3 acid dragons
  Edmund (D:5)
  A water moccasin (D:5)
  6 orc warriors
  A sky beast (D:6)
  2 black bears
  A hornet zombie (D:8)
  A necrophage (D:5)
  An ogre (D:5)
  4 phantoms
  A centaur (D:10)
  3 lemures (D:7)
  6 kobold brigands
  2 bullfrogs
  6 scorpions
  6 killer bees (D:8)
  2 howler monkeys (D:9)
  4 crimson imps (D:4)
  2 bullfrog zombies (D:5)
  6 centaur zombies
  A bullfrog skeleton (D:6)
  A gnoll shaman (D:8)
  4 orc priests
  2 hounds (D:6)
  2 centaur skeletons (D:6)
  Jessica (D:3)
  3 iguanas
  Ijyb (D:3)
  Natasha (thrice) (D:3)
  10 orc wizards
  A killer bee zombie (D:8)
  A hound skeleton (D:5)
  3 howler monkey zombies
  Robin (D:3)
  5 gnolls (D:8)
  2 adders
  A white imp (D:7)
  3 ufetubi (D:5)
  A worm (D:3)
  A dart slug (D:2)
  33 orcs
  8 bats
  3 endoplasms
  3 giant cockroaches
  7 goblins
  8 hobgoblins
  10 jackals
  27 kobolds
  2 quokkas
  7 ball pythons
  3 frilled lizards
  4 rats
247 creatures vanquished.

Vanquished Creatures (others)
  A plant (D:5)
  2 withered plants (D:7)
3 creatures vanquished.

Grand Total: 250 creatures vanquished

Notes
Turn   | Place    | Note
-------+----------+-------------------------------------------
     0 | D:1      | crimpus the Tengu Air Elementalist began the quest for the
                  | Orb.
     0 | D:1      | Reached XP level 1. HP: 10/10 MP: 4/4
   246 | D:1      | Reached XP level 2. HP: 6/15 MP: 0/6
  1251 | D:1      | Found a faded altar of an unknown god.
  1275 | D:1      | Reached XP level 3. HP: 19/19 MP: 5/7
  1920 | D:2      | Reached skill level 5 in Air Magic
  2378 | D:2      | Learned a level 2 spell: Static Discharge
  2604 | D:2      | Reached XP level 4. HP: 24/24 MP: 4/8
  2842 | D:3      | Found Hinax's Distillery.
  3072 | D:3      | Noticed Natasha
  3076 | D:3      | Killed Natasha
  3485 | D:3      | Noticed Robin
  3988 | D:3      | Killed Robin
  3989 | D:3      | Gained mutation: Your magical nature lets you fly swiftly
                  | and evasively. [Tengu growth]
  3989 | D:3      | Reached XP level 5. HP: 28/28 MP: 5/10
  4102 | D:3      | Noticed Natasha
  4106 | D:3      | Killed Natasha
  4149 | D:3      | Identified the +12 great mace "Zasmib" {spect, *Slow +Blink
                  | rPois rF+}
  4184 | D:3      | Noticed Natasha
  4188 | D:3      | Killed Natasha
  4224 | D:3      | Noticed Jessica
  4225 | D:3      | Killed Jessica
  4525 | D:4      | Noticed Ijyb
  4525 | D:4      | Noticed Menkaure
  4672 | D:3      | Killed Ijyb
  4973 | D:4      | Killed Menkaure
  4974 | D:4      | Reached XP level 6. HP: 33/33 MP: 10/12
  5029 | D:4      | Found a staircase to the Ecumenical Temple.
  5119 | D:4      | Noticed a black bear
  5121 | D:4      | Killed a black bear
  5122 | D:4      | Reached skill level 1 in Maces & Flails
  5239 | D:4      | Found a shimmering altar of Xom.
  5248 | D:4      | Reached skill level 1 in Fighting
  5248 | D:4      | Reached skill level 2 in Maces & Flails
  5248 | D:4      | Reached XP level 7. HP: 16/38 MP: 13/13
  5607 | D:4      | Noticed Eustachio
  5617 | D:4      | Killed Eustachio
  5618 | D:4      | Reached skill level 3 in Maces & Flails
  5951 | D:4      | Reached skill level 4 in Maces & Flails
  6183 | D:5      | Entered Level 5 of the Dungeon
  6194 | D:5      | Reached skill level 1 in Armour
  6272 | D:5      | Reached XP level 8. HP: 42/44 MP: 14/14
  6277 | D:5      | Reached skill level 5 in Maces & Flails
  6489 | D:5      | Noticed Sigmund
  6493 | D:5      | Killed Sigmund
  6494 | D:5      | Reached skill level 6 in Maces & Flails
  6777 | D:5      | Noticed Edmund
  6784 | D:5      | Killed Edmund
  6785 | D:5      | Reached skill level 7 in Maces & Flails
  7360 | D:5      | Reached skill level 8 in Maces & Flails
  7360 | D:5      | Reached XP level 9. HP: 49/49 MP: 15/15
  8958 | D:6      | Reached skill level 9 in Maces & Flails
  8964 | D:6      | Identified a scroll of acquirement
  8964 | D:6      | Acquired a +2 cloak of stealth
  9975 | D:7      | Reached skill level 10 in Maces & Flails
 10019 | D:7      | Found a runed translucent door.
 10019 | D:7      | Noticed smarlow's ghost (novice DjCj)
 10249 | D:7      | Found Fajogrin's Antique Armour Shoppe.
 10254 | D:7      | Bought a pair of runed gloves for 187 gold pieces
 10344 | D:7      | Noticed Pikel
 10403 | D:7      | Killed Pikel
 10404 | D:7      | Reached XP level 10. HP: 56/56 MP: 16/16
 10487 | D:8      | Reached skill level 11 in Maces & Flails
 10781 | D:8      | Reached skill level 5 in Dodging
 10842 | D:8      | Noticed a two-headed ogre
 10846 | D:8      | Found a shadowy altar of Dithmenos.
 10854 | D:8      | Killed a two-headed ogre
 11271 | D:8      | Reached skill level 12 in Maces & Flails
 11309 | D:8      | Noticed Harold
 11321 | D:8      | Killed Harold
 12198 | D:8      | Reached skill level 13 in Maces & Flails
 12748 | D:9      | Found a sacrificial altar of Ru.
 12750 | D:9      | Found a white marble altar of Elyvilon.
 12751 | D:9      | Found a burning altar of Makhleb.
 12751 | D:9      | Found a snail-covered altar of Cheibriados.
 12752 | D:9      | Found a bloodstained altar of Trog.
 12752 | D:9      | Found an opulent altar of Gozag.
 12753 | D:9      | Found a glowing golden altar of the Shining One.
 12761 | D:9      | Became a worshipper of Trog the Wrathful
 12930 | D:9      | Found a staircase to the Lair.
 13331 | D:10     | Entered Level 10 of the Dungeon
 13363 | D:10     | Found a radiant altar of Vehumet.
 13363 | D:10     | Found an ancient bone altar of Kikubaaqudgha.
 13365 | D:10     | Reached XP level 11. HP: 62/62 MP: 17/17
 13366 | D:10     | Found a shimmering blue altar of Sif Muna.
 13575 | D:10     | Reached skill level 14 in Maces & Flails
 13713 | D:10     | Reached skill level 5 in Armour
 13877 | D:11     | Noticed a two-headed ogre
 13887 | D:11     | Killed a two-headed ogre
 13977 | D:11     | Reached skill level 5 in Fighting
 14312 | D:11     | Reached * piety under Trog
 14422 | D:11     | Reached skill level 15 in Maces & Flails
 14624 | D:11     | Noticed a cyclops
 14632 | D:11     | Killed a cyclops
 15157 | D:11     | Found a staircase to the Orcish Mines.
 15175 | D:11     | Reached ** piety under Trog
 15369 | D:12     | Identified the +1 robe of the Nexus {*Slow rElec rF+}
 15430 | D:12     | Noticed an eight-headed hydra
 15437 | D:12     | Killed an eight-headed hydra
 15450 | D:12     | Killed from afar by a gargoyle

Illustrated notes

Levels and vault maps discovered:
D:1:      scummos_arrival_simple_fountains, layout_basic,
          ebering_ecumenical_altar_abandoned
D:2:      layout_basic, minmay_pentomino_r4
D:3:      layout_loops_ring, serial_shops, nicolae_shop_stone, uniq_jessica,
          uniq_robin, uniq_natasha
D:4:      layout_gridville, led_xom_imps, minmay_temple_entry_junction,
          uniq_ijyb, uniq_menkaure, uniq_eustachio
D:5:      cheibrodos_two_vegetables, layout_loops_ring, uniq_sigmund,
          uniq_edmund
D:6:      layout_loops_cross, centaur_isle
D:7:      layout_basic, gammafunk_ghost_grave, serial_shops, kennysheep_mini,
          uniq_pikel
D:8:      layout_loops_cross, nicolae_dithmenos_shadow_blocks, uniq_harold
D:9:      layout_stronghold, grunt_temple_overflow_open, dpeg_oklobed_lair
D:10:     layout_roguey, grunt_temple_overflow_magic_moments,
          minmay_misc_feat_five
D:11:     layout_grid_maze, erik_orc_2, chequers_serial_rivers_micro_a,
          minivault_25_ag
D:12:     layout_basic

Skill      XL: |  1  2  3  4  5  6  7  8  9 10 11 |
---------------+----------------------------------+-----
Conjurations   | 2 3 4 |  4.7
Air Magic      | 5 6 |  6.0
Spellcasting   | 3 |  3.4
Maces & Flails | 2 4 8 10 13 15 | 15.5
Dodging        | 3 4 5 |  5.5
Fighting       | 1 2 3 4 5 |  5.5
Armour         | 1 2 4 5 |  5.8
Stealth        | 3 4 |  4.1

Action                   |  1- 3 |  4- 6 |  7- 9 | 10-12 || total
-------------------------+-------+-------+-------+-------++-------
Melee: Unarmed           |     8 |     3 |       |       ||    11
       Peck              |     1 |       |    16 |    24 ||    41
       Great mace        |       |     9 |   103 |   197 ||   309
       Kick              |       |     2 |    19 |    48 ||    69
 Cast: Shock             |    93 |    38 |     7 |       ||   138
       Static Discharge  |       |     8 |       |       ||     8
Invok: Berserk           |       |       |       |     2 ||     2
  Use: Scroll            |       |       |     7 |       ||     7
       Potion            |       |       |     6 |     2 ||     8
 Stab: Sleeping          |       |       |     6 |       ||     6
       Invisible         |       |       |       |     4 ||     4
       Distracted        |       |       |       |     2 ||     2
Armor: Robe              |    12 |     4 |     1 |       ||    17
       Scale mail        |       |       |    15 |       ||    15
       Ring mail         |       |       |     6 |       ||     6
       Steam dragon scal |       |       |     3 |     8 ||    11
       Plate armour      |       |       |       |    83 ||    83
Dodge: Dodged            |    36 |    17 |    66 |    93 ||   212
